Bears vs Wolves

Created - Sunday, November 09, 2014 at 02:05

Goals
1 2 3 OT1 SO T
Bears 1 0 0 0 2 2
Wolves 0 1 0 0 0 1
Shots
1 2 3 OT1 SO T
Bears 11 10 5 8 3 34
Wolves 5 10 9 3 2 27

1st period

1. Bears , Brad Mills 3 (Mark Flood, Matt Taormina) at 17:35 (PP)

Penalties :
Yann Sauve (CHI) for Hooking (Minor) at 3:59, Cedric Paquette (CHI) for High sticking (Minor) at 16:15

2nd period

2. Wolves , Yannick Weber 9 (Landon Ferraro) at 0:34

Penalties :
Jared Boll (CHI) for Fighting (Major) at 2:06, Shawn O'Donnell (Her) for Fighting (Major) at 2:06, Yann Sauve (CHI) for Fighting (Major) at 4:01, Eric Neilson (Her) for Fighting (Major) at 4:01, Stefan Elliott (Her) for Hooking (Minor) at 11:40

3rd period

No Goal

Penalties :
Aaron Volpatti (CHI) for Fighting (Major) at 4:22, Shawn O'Donnell (Her) for Fighting (Major) at 4:22, David Dziurzynski (Her) for Interference (Minor) at 6:50, Mark Cundari (Her) for Hooking (Minor) at 10:02

Overtime #1

No Goal

Penalties :
No Penalty

Shootout

Penalty Shot by Shawn O'Donnell for Bears - Stopped by Scott Wedgewood
Penalty Shot by Chris Terry for Wolves - Stopped by John Gibson
Penalty Shot by Maxime Macenauer for Bears - Goal!
Penalty Shot by Landon Ferraro for Wolves - Stopped by John Gibson
Penalty Shot by Kevin Henderson for Bears - Goal!

Penalties :
No Penalty

Goalie Stats

John Gibson (Her), 26 saves from 27 shots - (0.963), W, 6-1-6, 65:00 minutes
Scott Wedgewood (CHI), 33 saves from 34 shots - (0.971), OTL, 0-0-2, 65:00 minutes

Players Stats for Bears

Player Name              G  A  P  +/- PIM S  H  SB GA TA FO     MP     PP MP  PK MP  
------------------------------------------------------------------------------------
Ben Youds                0  0  0   0  0   0  0  0  0  1  0/0    14:36   0:00   0:45 
Brad Mills               1  0  1  -1  0   3  1  1  4  0  3/6    20:57   1:34   3:51 
Brett Clark              0  0  0   0  0   3  2  3  2  3  0/0    28:14   2:09   2:13 
Chris Bruton             0  0  0   0  0   1  2  0  0  0  2/8    12:41   0:00   2:44 
David Dziurzynski        0  0  0   0  2   6  2  0  4  0  0/0    21:11   1:45   0:36 
Eric Neilson             0  0  0   0  5   0  3  0  0  0  0/1    13:11   0:00   0:00 
Erick Lizon              0  0  0   0  0   0  0  1  1  0  0/0    15:13   1:45   0:00 
Farm Player15            0  0  0   0  0   0  0  0  0  0  1/1     5:50   0:00   0:45 
Harry Young              0  0  0   0  0   0  0  0  0  0  0/0     5:03   0:00   0:00 
Kevin Henderson          0  0  0  -1  0   1  1  0  1  1  0/1    18:41   1:34   0:39 
Mark Cundari             0  0  0   0  2   2  0  1  1  2  0/0    13:36   0:00   0:00 
Mark Flood               0  1  1  -1  0   2  2  3  0  1  0/0    23:11   1:10   3:44 
Matt Taormina            0  1  1  -1  0   4  4  2  0  1  0/0    23:11   1:10   3:44 
Maxime Macenauer         0  0  0   0  0   0  3  0  0  0  9/14   24:52   1:45   3:19 
Patrice Cormier          0  0  0  -1  0   2  1  1  2  0  7/10   18:47   0:00   0:00 
Shawn O'Donnell          0  0  0   0  10  1  2  0  3  1  1/1    13:43   0:00   0:00 
Stefan Elliott           0  0  0   0  2   4  2  2  2  2  0/0    22:25   2:09   1:28 
Tyler Brown              0  0  0   0  0   5  1  0  0  0  2/10   18:35   1:34   0:00 

Players Stats for Wolves

Player Name              G  A  P  +/- PIM S  H  SB GA TA FO     MP     PP MP  PK MP  
------------------------------------------------------------------------------------
Aaron Volpatti           0  0  0   1  5   1  1  1  0  0  0/0    18:05   2:11   1:50 
Ben Hanowski             0  0  0   0  0   5  0  0  3  0  0/1    10:39   0:00   0:00 
Cedric Paquette          0  0  0   0  2   0  0  0  0  0  6/12   18:02   2:57   0:00 
Chris Terry              0  0  0   0  0   1  3  1  0  0  8/16   25:40   2:05   2:29 
Christian Hanson         0  0  0   0  0   0  0  0  0  0  0/0     0:00   0:00   0:00 
Corbin McPherson         0  0  0   1  0   0  0  0  1  3  0/0    23:48   2:26   2:11 
Dane Byers               0  0  0   0  0   0  1  0  0  0  0/0    10:04   0:00   0:00 
Daniel Carcillo          0  0  0   0  0   1  5  1  2  1  0/0    16:56   1:44   0:00 
Jared Boll               0  0  0   0  5   1  2  0  2  1  0/1    18:42   2:57   0:50 
Jordan Schroeder         0  0  0   0  0   1  0  1  0  0  6/13   18:39   3:00   0:50 
Kent Huskins             0  0  0   0  0   1  1  3  0  1  0/0    27:29   3:31   1:08 
Landon Ferraro           0  1  1   1  0   1  1  0  0  2  7/9    15:57   0:00   0:39 
Mark Pysyk               0  0  0   0  0   4  2  1  3  3  0/0    26:40   3:31   1:08 
Michael Caruso           0  0  0   0  0   0  2  0  0  0  0/0    15:03   0:00   0:00 
Scott Glennie            0  0  0   1  0   2  0  0  2  1  0/0    18:11   2:57   0:00 
Stephane Da Costa        0  0  0   0  0   5  1  1  1  0  0/0    14:55   0:00   0:00 
Yann Sauve               0  0  0   0  7   0  2  0  0  0  0/0    12:46   0:00   0:00 
Yannick Weber            1  0  1   1  0   4  1  4  2  0  0/0    25:00   2:26   2:11 

3 Stars

1 - Scott Wedgewood (CHI)
2 - John Gibson (Her)
3 - Yannick Weber (CHI)

Power Play

Bears - 1 on 2 Attempt(s) - 50.00%
Wolves - 0 on 3 Attempt(s) - 0.00%

Penalty Kill

Bears - 3 on 3 Attempt(s) - 100.00% - Score 0 goal in Penalty Kill
Wolves - 1 on 2 Attempt(s) - 50.00% - Score 0 goal in Penalty Kill

Official

Referees : Unknown
Linesman : Unknown

Game Notes

Jared Boll and Shawn O'Donnell fight to a draw at 2:06 of 2nd period
Eric Neilson beats up Yann Sauve at 4:01 of 2nd period
Shawn O'Donnell beats up Aaron Volpatti at 4:22 of 3rd period

Finance

Level 1 -- Attendance: 1460 (73.00%) -- Ticket Income $51,100
Level 2 -- Attendance: 744 (74.40%) -- Ticket Income $11,160
Total Attendance: 2204 (73.47%)
Total Ticket Income: $62,260
Other Income: $30,507
Total Income: $92,767

Bears

5 vs 5 Forward 
   Center                   Left Wing                Right Wing               Time % Phy DF OF 
 1 Patrice Cormier          Kevin Henderson          Brad Mills               35     1   2  2  
 2 Maxime Macenauer         David Dziurzynski        Erick Lizon              30     1   2  2  
 3 Tyler Brown              Shawn O'Donnell          Eric Neilson             22     1   2  2  
 4 Chris Bruton             David Dziurzynski        Maxime Macenauer         13     1   2  2  

5 vs 5 Defense 
   Defense                  Defense                                           Time % Phy DF OF 
 1 Brett Clark              Stefan Elliott                                    35     1   2  2  
 2 Mark Flood               Matt Taormina                                     30     1   2  2  
 3 Mark Cundari             Ben Youds                                         22     1   2  2  
 4 Harry Young              Brett Clark                                       13     1   2  2  

PowerPlay Forward 
   Center                   Left Wing                Right Wing               Time % Phy DF OF 
 1 Tyler Brown              Kevin Henderson          Brad Mills               60     1   2  2  
 2 Maxime Macenauer         David Dziurzynski        Erick Lizon              40     1   2  2  

PowerPlay Defense
   Defense                  Defense                                           Time % Phy DF OF 
 1 Brett Clark              Stefan Elliott                                    60     1   2  2  
 2 Mark Flood               Matt Taormina                                     40     1   2  2  

Penalty Kill 4 Players Forward 
   Center                   Wing                     Time % Phy DF OF 
 1 Brad Mills               Maxime Macenauer         60     1   2  2  
 2 Kevin Henderson          David Dziurzynski        40     1   2  2  

Penalty Kill 4 Players Defense
   Defense                  Defense                  Time % Phy DF OF 
 1 Brett Clark              Stefan Elliott           60     1   2  2  
 2 Mark Flood               Matt Taormina            40     1   2  2  

Penalty Kill - 3 Players Forward 
   Forward                                           Time % Phy DF OF 
 1 Kevin Henderson                                   60     1   2  2  
 2 Maxime Macenauer                                  40     1   2  2  

Penalty Kill - 3 Players Defense
   Defense                  Defense                  Time % Phy DF OF 
 1 Brett Clark              Stefan Elliott           60     1   2  2  
 2 Mark Flood               Matt Taormina            40     1   2  2  

4 vs 4 Forward 
   Center                   Wing                     Time % Phy DF OF 
 1 Patrice Cormier          Maxime Macenauer         60     1   2  2  
 2 Kevin Henderson          David Dziurzynski        40     1   2  2  

4 vs 4 Defense
   Defense                  Defense                  Time % Phy DF OF 
 1 Brett Clark              Stefan Elliott           60     1   2  2  
 2 Mark Flood               Matt Taormina            40     1   2  2  

Last Minutes Offensive
   Center                   Left Wing                Right Wing               Defense                  Defense                  
   Patrice Cormier          Kevin Henderson          Brad Mills               Brett Clark              Stefan Elliott           

Last Minutes Defensive
   Center                   Left Wing                Right Wing               Defense                  Defense                  
   Patrice Cormier          Kevin Henderson          Brad Mills               Brett Clark              Stefan Elliott           

Goaltenders
Starting : John Gibson              
Backup : Cristopher Nilstorp      

Extra Forwards
Normal : Tyler Brown, Shawn O'Donnell, Chris Bruton - PP : Tyler Brown, Shawn O'Donnell - PK : Chris Bruton
Extra Defensemen
Normal : Mark Cundari, Ben Youds, Harry Young - PP : Mark Cundari - PK : Ben Youds, Harry Young
Penalty Shots
Shawn O'Donnell, Maxime Macenauer, Kevin Henderson, David Dziurzynski, Tyler Brown

Wolves

5 vs 5 Forward 
   Center                   Left Wing                Right Wing               Time % Phy DF OF 
 1 Jordan Schroeder         Chris Terry              Stephane Da Costa        35     1   2  2  
 2 Cedric Paquette          Daniel Carcillo          Jared Boll               30     1   2  2  
 3 Landon Ferraro           Aaron Volpatti           Scott Glennie            22     1   2  2  
 4 Chris Terry              Dane Byers               Ben Hanowski             13     1   2  2  

5 vs 5 Defense 
   Defense                  Defense                                           Time % Phy DF OF 
 1 Mark Pysyk               Kent Huskins                                      35     1   2  2  
 2 Yannick Weber            Corbin McPherson                                  30     1   2  2  
 3 Yann Sauve               Michael Caruso                                    22     1   2  2  
 4 Mark Pysyk               Kent Huskins                                      13     1   2  2  

PowerPlay Forward 
   Center                   Left Wing                Right Wing               Time % Phy DF OF 
 1 Jordan Schroeder         Chris Terry              Aaron Volpatti           60     1   2  2  
 2 Cedric Paquette          Scott Glennie            Jared Boll               40     1   2  2  

PowerPlay Defense
   Defense                  Defense                                           Time % Phy DF OF 
 1 Mark Pysyk               Kent Huskins                                      60     1   2  2  
 2 Yannick Weber            Corbin McPherson                                  40     1   2  2  

Penalty Kill 4 Players Forward 
   Center                   Wing                     Time % Phy DF OF 
 1 Chris Terry              Aaron Volpatti           60     1   2  2  
 2 Jared Boll               Jordan Schroeder         40     1   2  2  

Penalty Kill 4 Players Defense
   Defense                  Defense                  Time % Phy DF OF 
 1 Mark Pysyk               Kent Huskins             60     1   2  2  
 2 Yannick Weber            Corbin McPherson         40     1   2  2  

Penalty Kill - 3 Players Forward 
   Forward                                           Time % Phy DF OF 
 1 Chris Terry                                       60     1   2  2  
 2 Jared Boll                                        40     1   2  2  

Penalty Kill - 3 Players Defense
   Defense                  Defense                  Time % Phy DF OF 
 1 Mark Pysyk               Kent Huskins             60     1   2  2  
 2 Yannick Weber            Corbin McPherson         40     1   2  2  

4 vs 4 Forward 
   Center                   Wing                     Time % Phy DF OF 
 1 Chris Terry              Scott Glennie            60     1   2  2  
 2 Jared Boll               Jordan Schroeder         40     1   2  2  

4 vs 4 Defense
   Defense                  Defense                  Time % Phy DF OF 
 1 Mark Pysyk               Kent Huskins             60     1   2  2  
 2 Yannick Weber            Corbin McPherson         40     1   2  2  

Last Minutes Offensive
   Center                   Left Wing                Right Wing               Defense                  Defense                  
   Jordan Schroeder         Chris Terry              Jared Boll               Mark Pysyk               Kent Huskins             

Last Minutes Defensive
   Center                   Left Wing                Right Wing               Defense                  Defense                  
   Jordan Schroeder         Chris Terry              Jared Boll               Mark Pysyk               Kent Huskins             

Goaltenders
Starting : Scott Wedgewood          
Backup : Peter Mannino            

Extra Forwards
Normal : Aaron Volpatti, Scott Glennie, Landon Ferraro - PP : Aaron Volpatti, Scott Glennie - PK : Landon Ferraro
Extra Defensemen
Normal : Yann Sauve, Michael Caruso, Yannick Weber - PP : Yann Sauve - PK : Michael Caruso, Yannick Weber
Penalty Shots
Chris Terry, Landon Ferraro, Jared Boll, Jordan Schroeder, Aaron Volpatti

% Time on Ice - Bears

Lines # - Real PCT - Wanted PCT - Time Play
Normal Forward
1 - 32% - 35% - 16:14
2 - 27% - 30% - 13:28
3 - 31% - 22% - 15:55
4 - 10% - 13% - 5:07
Normal Defense
1 - 32% - 35% - 16:23
2 - 31% - 30% - 15:43
3 - 27% - 22% - 13:35
4 - 10% - 13% - 5:03
PP Forward
1 - 47% - 60% - 1:34
2 - 53% - 40% - 1:45
PP Defense
1 - 65% - 60% - 2:09
2 - 35% - 40% - 1:10
PK Forward
1 - 89% - 60% - 5:18
2 - 11% - 40% - 0:39
PK Defense
1 - 37% - 60% - 2:13
2 - 63% - 40% - 3:44
PK3 Forward
1 - 0% - 60%
2 - 0% - 40%
PK3 Defense
1 - 0% - 60%
2 - 0% - 40%
44 Forward
1 - 86% - 60% - 4:18
2 - 14% - 40% - 0:42
44 Defense
1 - 49% - 60% - 2:26
2 - 51% - 40% - 2:34
Last Minute Offensive  - 0:00
Last Minute Defensive  - 0:00
Total
Forward - 65:00
Defense - 65:00

% Time on Ice - Wolves

Lines # - Real PCT - Wanted PCT - Time Play
Normal Forward
1 - 26% - 35% - 13:21
2 - 31% - 30% - 15:54
3 - 23% - 22% - 11:25
4 - 20% - 13% - 10:04
Normal Defense
1 - 30% - 35% - 15:25
2 - 32% - 30% - 16:23
3 - 30% - 22% - 15:03
4 - 8% - 13% - 3:53
PP Forward
1 - 50% - 60% - 3:00
2 - 50% - 40% - 2:57
PP Defense
1 - 59% - 60% - 3:31
2 - 41% - 40% - 2:26
PK Forward
1 - 75% - 60% - 2:29
2 - 25% - 40% - 0:50
PK Defense
1 - 34% - 60% - 1:08
2 - 66% - 40% - 2:11
PK3 Forward
1 - 0% - 60%
2 - 0% - 40%
PK3 Defense
1 - 0% - 60%
2 - 0% - 40%
44 Forward
1 - 87% - 60% - 4:20
2 - 13% - 40% - 0:40
44 Defense
1 - 54% - 60% - 2:43
2 - 46% - 40% - 2:17
Last Minute Offensive  - 0:00
Last Minute Defensive  - 0:00
Total
Forward - 65:00
Defense - 65:00

Play by Play

1st period


0:01 of 1st period - Patrice Cormier wins face-off versus Jordan Schroeder in neutral zone.
1:03 of 1st period - Matt Taormina is hit by Mark Pysyk and loses puck.
1:44 of 1st period - Slapshot by Ben Youds.
1:44 of 1st period - Shot Misses the Net.
1:46 of 1st period - Snap shot by Mark Cundari.
1:46 of 1st period - Shot Misses the Net.
1:48 of 1st period - Wrist shot by Tyler Brown.
1:48 of 1st period - Shot Misses the Net.
1:50 of 1st period - Slapshot by Mark Cundari.
1:50 of 1st period - Stopped by Scott Wedgewood with a rebound.
1:52 of 1st period - Wrist shot by Tyler Brown.
1:52 of 1st period - Deflect By Mark Pysyk.
1:52 of 1st period - Stopped by Scott Wedgewood with a rebound.
2:30 of 1st period - Snap shot by Aaron Volpatti.
2:30 of 1st period - Shot Misses the Net.
3:00 of 1st period - Icing by Chris Bruton.
3:01 of 1st period - Chris Bruton wins face-off versus Chris Terry in Bears zone.
3:22 of 1st period - Mark Flood is hit by Michael Caruso.
3:59 of 1st period - Minor Penalty to Yann Sauve for Hooking.
4:00 of 1st period - Tyler Brown wins face-off versus Chris Terry in Wolves zone.
4:11 of 1st period - Slapshot by Brett Clark.
4:11 of 1st period - Shot Blocked by Aaron Volpatti.
4:13 of 1st period - Snap shot by Kevin Henderson.
4:13 of 1st period - Shot Misses the Net.
4:15 of 1st period - Slapshot by Stefan Elliott.
4:15 of 1st period - Stopped by Scott Wedgewood with a rebound.
4:17 of 1st period - Slapshot by Brett Clark.
4:17 of 1st period - Stopped by Scott Wedgewood with a rebound.
4:19 of 1st period - Wrist shot by Tyler Brown.
4:19 of 1st period - Stopped by Scott Wedgewood without a rebound.
4:20 of 1st period - Chris Terry wins face-off versus Tyler Brown in Wolves zone.
4:25 of 1st period - Wrist shot by Aaron Volpatti.
4:25 of 1st period - Deflect By Chris Terry.
4:25 of 1st period - Shot Misses the Net.
4:25 of 1st period - Puck is out of play.
4:26 of 1st period - Maxime Macenauer wins face-off versus Chris Terry in Bears zone.
4:50 of 1st period - Snap shot by Mark Flood.
4:50 of 1st period - Shot Misses the Net.
4:52 of 1st period - Snap shot by David Dziurzynski.
4:52 of 1st period - Stopped by Scott Wedgewood with a rebound.
5:08 of 1st period - Brad Mills is hit by Jared Boll and loses puck.
5:15 of 1st period - Slapshot by Yannick Weber.
5:15 of 1st period - Deflect By Jared Boll.
5:15 of 1st period - Shot Misses the Net.
5:15 of 1st period - Puck is out of play.
5:16 of 1st period - Tyler Brown wins face-off versus Jared Boll in Bears zone.
5:53 of 1st period - Wrist shot by Aaron Volpatti.
5:53 of 1st period - Stopped by John Gibson with a rebound.
5:59 of 1st period - Penalty to Yann Sauve is over, Yann Sauve is back on ice.
6:09 of 1st period - Brett Clark is hit by Yann Sauve and loses puck.
6:20 of 1st period - Slapshot by Mark Cundari.
6:20 of 1st period - Stopped by Scott Wedgewood with a rebound.
8:01 of 1st period - Michael Caruso is hit by Matt Taormina and loses puck.
8:27 of 1st period - Brett Clark is hit by Chris Terry and loses puck.
9:48 of 1st period - Wrist shot by Ben Hanowski.
9:48 of 1st period - Shot Misses the Net.
9:50 of 1st period - Slapshot by Yannick Weber.
9:50 of 1st period - Stopped by John Gibson without a rebound.
9:51 of 1st period - Brad Mills wins face-off versus Ben Hanowski in Bears zone.
11:02 of 1st period - Mark Flood is hit by Daniel Carcillo.
11:52 of 1st period - Stefan Elliott is hit by Landon Ferraro and loses puck.
12:05 of 1st period - Yannick Weber is hit by Chris Bruton and loses puck.
12:25 of 1st period - Wrist shot by Brad Mills.
12:25 of 1st period - Shot Blocked by Jordan Schroeder.
12:47 of 1st period - Slapshot by Mark Pysyk.
12:47 of 1st period - Shot Misses the Net.
12:49 of 1st period - Snap shot by Mark Pysyk.
12:49 of 1st period - Stopped by John Gibson without a rebound.
12:50 of 1st period - Maxime Macenauer wins face-off versus Cedric Paquette in Bears zone.
13:03 of 1st period - Shawn O'Donnell is hit by Jared Boll and loses puck.
13:13 of 1st period - Off-side.
13:14 of 1st period - Landon Ferraro wins face-off versus Tyler Brown in neutral zone.
13:37 of 1st period - Slapshot by Brett Clark.
13:37 of 1st period - Shot Misses the Net.
13:39 of 1st period - Slapshot by Brett Clark.
13:39 of 1st period - Shot Misses the Net.
13:41 of 1st period - Backhand shot by Stefan Elliott.
13:41 of 1st period - Stopped by Scott Wedgewood with a rebound.
14:01 of 1st period - Mark Pysyk is hit by Maxime Macenauer and loses puck.
14:11 of 1st period - Icing by Mark Pysyk.
14:12 of 1st period - Patrice Cormier wins face-off versus Cedric Paquette in Wolves zone.
14:31 of 1st period - Slapshot by Yannick Weber.
14:31 of 1st period - Stopped by John Gibson without a rebound.
14:32 of 1st period - Chris Terry wins face-off versus Tyler Brown in Bears zone.
15:02 of 1st period - Off-side.
15:03 of 1st period - Maxime Macenauer wins face-off versus Jordan Schroeder in neutral zone.
15:58 of 1st period - Snap shot by Matt Taormina.
15:58 of 1st period - Shot Blocked by Kent Huskins.
16:10 of 1st period - Slapshot by David Dziurzynski.
16:10 of 1st period - Stopped by Scott Wedgewood without a rebound.
16:11 of 1st period - Maxime Macenauer wins face-off versus Cedric Paquette in Wolves zone.
16:15 of 1st period - Minor Penalty to Cedric Paquette for High sticking.
16:16 of 1st period - Chris Terry wins face-off versus Maxime Macenauer in Wolves zone.
16:54 of 1st period - Slapshot by Brett Clark.
16:54 of 1st period - Shot Misses the Net.
17:14 of 1st period - Mark Pysyk is hit by Maxime Macenauer and loses puck.
17:33 of 1st period - Slapshot by Mark Flood.
17:33 of 1st period - Shot Blocked by Mark Pysyk.
17:35 of 1st period - Snap shot by Brad Mills.
17:35 of 1st period - Goal by Brad Mills - Bears : 1 - Wolves : 0.
17:36 of 1st period - Cedric Paquette wins face-off versus Tyler Brown in neutral zone.
17:41 of 1st period - Jared Boll is hit by Eric Neilson and loses puck.
18:01 of 1st period - Snap shot by Tyler Brown.
18:01 of 1st period - Stopped by Scott Wedgewood with a rebound.
18:31 of 1st period - Wrist shot by Jordan Schroeder.
18:31 of 1st period - Shot Blocked by Matt Taormina.
18:33 of 1st period - Snap shot by Stephane Da Costa.
18:33 of 1st period - Stopped by John Gibson with a rebound.
18:35 of 1st period - Snap shot by Chris Terry.
18:35 of 1st period - Shot Blocked by Matt Taormina.
19:18 of 1st period - Maxime Macenauer is hit by Yannick Weber and loses puck.
19:39 of 1st period - Mark Pysyk is hit by Stefan Elliott.
19:45 of 1st period - Kent Huskins is hit by Tyler Brown.
19:49 of 1st period - Mark Cundari is hit by Daniel Carcillo.
Goals for this period are 1 for Bears vs 0 for Wolves.
Shots for this period are 11 for Bears vs 5 for Wolves.

2nd period


0:01 of 2nd period - Maxime Macenauer wins face-off versus Jordan Schroeder in neutral zone.
0:04 of 2nd period - Wrist shot by Stefan Elliott.
0:04 of 2nd period - Shot Misses the Net.
0:12 of 2nd period - Snap shot by Stephane Da Costa.
0:12 of 2nd period - Shot Misses the Net.
0:14 of 2nd period - Slapshot by Kent Huskins.
0:14 of 2nd period - Deflect By Brett Clark.
0:14 of 2nd period - Stopped by John Gibson with a rebound.
0:16 of 2nd period - Slapshot by Mark Pysyk.
0:16 of 2nd period - Shot Misses the Net.
0:18 of 2nd period - Slapshot by Mark Pysyk.
0:18 of 2nd period - Shot Hit the Post.
0:20 of 2nd period - Wrist shot by Jordan Schroeder.
0:20 of 2nd period - Shot Misses the Net.
0:22 of 2nd period - Snap shot by Stephane Da Costa.
0:22 of 2nd period - Stopped by John Gibson with a rebound.
0:24 of 2nd period - Snap shot by Jordan Schroeder.
0:24 of 2nd period - Stopped by John Gibson with a rebound.
0:26 of 2nd period - Slapshot by Mark Pysyk.
0:26 of 2nd period - Deflect By Stephane Da Costa.
0:26 of 2nd period - Stopped by John Gibson with a rebound.
0:28 of 2nd period - Backhand shot by Stephane Da Costa.
0:28 of 2nd period - Shot Blocked by Erick Lizon.
0:30 of 2nd period - Slapshot by Kent Huskins.
0:30 of 2nd period - Shot Misses the Net.
0:32 of 2nd period - Snap shot by Chris Terry.
0:32 of 2nd period - Stopped by John Gibson without a rebound.
0:33 of 2nd period - Landon Ferraro wins face-off versus Patrice Cormier in Bears zone.
0:34 of 2nd period - Slapshot by Yannick Weber.
0:34 of 2nd period - Goal by Yannick Weber - Bears : 1 - Wolves : 1.
0:35 of 2nd period - Patrice Cormier wins face-off versus Chris Terry in neutral zone.
0:38 of 2nd period - Wrist shot by Brad Mills.
0:38 of 2nd period - Stopped by Scott Wedgewood with a rebound.
1:12 of 2nd period - Wrist shot by Patrice Cormier.
1:12 of 2nd period - Stopped by Scott Wedgewood without a rebound.
1:13 of 2nd period - Landon Ferraro wins face-off versus Maxime Macenauer in Wolves zone.
1:57 of 2nd period - Icing by Scott Glennie.
1:58 of 2nd period - Landon Ferraro wins face-off versus Tyler Brown in Wolves zone.
2:06 of 2nd period - Jared Boll and Shawn O'Donnell fight to a draw.
2:06 of 2nd period - Penalty to Jared Boll for Fighting.
2:06 of 2nd period - Penalty to Shawn O'Donnell for Fighting.
2:07 of 2nd period - Patrice Cormier wins face-off versus Jordan Schroeder in Bears zone.
3:34 of 2nd period - Slapshot by David Dziurzynski.
3:34 of 2nd period - Stopped by Scott Wedgewood with a rebound.
4:01 of 2nd period - Eric Neilson beats up Yann Sauve.
4:01 of 2nd period - Penalty to Yann Sauve for Fighting.
4:01 of 2nd period - Penalty to Eric Neilson for Fighting.
4:02 of 2nd period - Farm Player15 wins face-off versus Chris Terry in Bears zone.
4:02 of 2nd period - Farm Player15 is hit by Michael Caruso.
4:20 of 2nd period - Snap shot by Stefan Elliott.
4:20 of 2nd period - Deflect By Tyler Brown.
4:20 of 2nd period - Shot Blocked by Chris Terry.
4:20 of 2nd period - Puck is out of play.
4:21 of 2nd period - Chris Terry wins face-off versus Tyler Brown in Wolves zone.
4:21 of 2nd period - Chris Terry is hit by Chris Bruton.
4:38 of 2nd period - Stefan Elliott is hit by Dane Byers and loses puck.
5:49 of 2nd period - Wrist shot by Brad Mills.
5:49 of 2nd period - Deflect By Patrice Cormier.
5:49 of 2nd period - Stopped by Scott Wedgewood with a rebound.
5:51 of 2nd period - Slapshot by Mark Flood.
5:51 of 2nd period - Shot Misses the Net.
5:53 of 2nd period - Slapshot by Mark Flood.
5:53 of 2nd period - Stopped by Scott Wedgewood with a rebound.
5:55 of 2nd period - Slapshot by Patrice Cormier.
5:55 of 2nd period - Shot Blocked by Yannick Weber.
6:28 of 2nd period - Wrist shot by Tyler Brown.
6:28 of 2nd period - Stopped by Scott Wedgewood with a rebound.
6:57 of 2nd period - Slapshot by Mark Pysyk.
6:57 of 2nd period - Shot Hit the Post.
7:23 of 2nd period - Wrist shot by Stephane Da Costa.
7:23 of 2nd period - Stopped by John Gibson with a rebound.
7:25 of 2nd period - Wrist shot by Mark Pysyk.
7:25 of 2nd period - Stopped by John Gibson with a rebound.
7:27 of 2nd period - Wrist shot by Stephane Da Costa.
7:27 of 2nd period - Stopped by John Gibson with a rebound.
7:29 of 2nd period - Slapshot by Kent Huskins.
7:29 of 2nd period - Shot Blocked by Mark Cundari.
8:19 of 2nd period - Slapshot by David Dziurzynski.
8:19 of 2nd period - Stopped by Scott Wedgewood with a rebound.
8:27 of 2nd period - Maxime Macenauer is hit by Daniel Carcillo and loses puck.
9:02 of 2nd period - Slapshot by Mark Flood.
9:02 of 2nd period - Deflect By Chris Bruton.
9:02 of 2nd period - Shot Misses the Net.
9:02 of 2nd period - Puck is out of play.
9:03 of 2nd period - Jordan Schroeder wins face-off versus Chris Bruton in Wolves zone.
9:29 of 2nd period - Icing by Mark Flood.
9:30 of 2nd period - Cedric Paquette wins face-off versus Chris Bruton in Bears zone.
9:55 of 2nd period - Slapshot by Matt Taormina.
9:55 of 2nd period - Stopped by Scott Wedgewood with a rebound.
10:01 of 2nd period - Wrist shot by Aaron Volpatti.
10:01 of 2nd period - Shot Blocked by Mark Flood.
10:23 of 2nd period - Chris Terry is hit by Mark Flood and loses puck.
10:38 of 2nd period - Slapshot by Stefan Elliott.
10:38 of 2nd period - Stopped by Scott Wedgewood without a rebound.
10:39 of 2nd period - Shawn O'Donnell wins face-off versus Cedric Paquette in Wolves zone.
10:48 of 2nd period - Shawn O'Donnell is hit by Daniel Carcillo and loses puck.
11:35 of 2nd period - Snap shot by Aaron Volpatti.
11:35 of 2nd period - Shot Misses the Net.
11:40 of 2nd period - Minor Penalty to Stefan Elliott for Hooking.
11:41 of 2nd period - Cedric Paquette wins face-off versus Brad Mills in Bears zone.
11:41 of 2nd period - Snap shot by Jared Boll.
11:41 of 2nd period - Stopped by John Gibson with a rebound.
11:43 of 2nd period - Snap shot by Scott Glennie.
11:43 of 2nd period - Shot Blocked by Mark Flood.
12:33 of 2nd period - Aaron Volpatti is hit by Matt Taormina and loses puck.
12:46 of 2nd period - Cedric Paquette is hit by Matt Taormina and loses puck.
13:22 of 2nd period - Brett Clark is hit by Daniel Carcillo and loses puck.
13:40 of 2nd period - Penalty to Stefan Elliott is over, Stefan Elliott is back on ice.
14:18 of 2nd period - Ben Hanowski is hit by Eric Neilson and loses puck.
16:00 of 2nd period - Snap shot by Brad Mills.
16:00 of 2nd period - Stopped by Scott Wedgewood without a rebound.
16:01 of 2nd period - Patrice Cormier wins face-off versus Jordan Schroeder in Wolves zone.
16:22 of 2nd period - Slapshot by Matt Taormina.
16:22 of 2nd period - Shot Misses the Net.
17:44 of 2nd period - Wrist shot by Ben Hanowski.
17:44 of 2nd period - Shot Misses the Net.
18:06 of 2nd period - Brad Mills is hit by Mark Pysyk and loses puck.
18:51 of 2nd period - Ben Youds is hit by Aaron Volpatti and loses puck.
19:08 of 2nd period - Maxime Macenauer is hit by Stephane Da Costa.
19:14 of 2nd period - Wrist shot by Mark Flood.
19:14 of 2nd period - Shot Misses the Net.
19:48 of 2nd period - Mark Pysyk is hit by Brett Clark.
Goals for this period are 0 for Bears vs 1 for Wolves.
Shots for this period are 10 for Bears vs 10 for Wolves.

3rd period


0:01 of 3rd period - Patrice Cormier wins face-off versus Jordan Schroeder in neutral zone.
0:04 of 3rd period - Mark Pysyk is hit by Patrice Cormier and loses puck.
0:25 of 3rd period - Snap shot by Stephane Da Costa.
0:25 of 3rd period - Deflect By Chris Terry.
0:25 of 3rd period - Shot Misses the Net.
0:25 of 3rd period - Puck is out of play.
0:26 of 3rd period - Cedric Paquette wins face-off versus Maxime Macenauer in Bears zone.
0:33 of 3rd period - Slapshot by Yannick Weber.
0:33 of 3rd period - Shot Blocked by Mark Flood.
0:40 of 3rd period - Off-side.
0:41 of 3rd period - Maxime Macenauer wins face-off versus Cedric Paquette in neutral zone.
1:39 of 3rd period - Mark Pysyk is hit by Mark Flood and loses puck.
2:30 of 3rd period - Scott Glennie is hit by Shawn O'Donnell and loses puck.
2:59 of 3rd period - Wrist shot by David Dziurzynski.
2:59 of 3rd period - Stopped by Scott Wedgewood without a rebound.
3:00 of 3rd period - Chris Terry wins face-off versus Maxime Macenauer in Wolves zone.
3:10 of 3rd period - Wrist shot by Ben Hanowski.
3:10 of 3rd period - Stopped by John Gibson with a rebound.
3:12 of 3rd period - Snap shot by Ben Hanowski.
3:12 of 3rd period - Deflect By David Dziurzynski.
3:12 of 3rd period - Stopped by John Gibson with a rebound.
3:20 of 3rd period - Slapshot by Yannick Weber.
3:20 of 3rd period - Stopped by John Gibson with a rebound.
3:24 of 3rd period - Slapshot by Ben Hanowski.
3:24 of 3rd period - Stopped by John Gibson with a rebound.
4:12 of 3rd period - Slapshot by Mark Cundari.
4:12 of 3rd period - Shot Misses the Net.
4:14 of 3rd period - Slapshot by Ben Youds.
4:14 of 3rd period - Deflect By Shawn O'Donnell.
4:14 of 3rd period - Stopped by Scott Wedgewood without a rebound.
4:15 of 3rd period - Landon Ferraro wins face-off versus Tyler Brown in Wolves zone.
4:17 of 3rd period - Icing by Scott Glennie.
4:18 of 3rd period - Landon Ferraro wins face-off versus Eric Neilson in Wolves zone.
4:22 of 3rd period - Shawn O'Donnell beats up Aaron Volpatti.
4:22 of 3rd period - Penalty to Aaron Volpatti for Fighting.
4:22 of 3rd period - Penalty to Shawn O'Donnell for Fighting.
4:23 of 3rd period - Maxime Macenauer wins face-off versus Jordan Schroeder in neutral zone.
4:26 of 3rd period - Slapshot by Stefan Elliott.
4:26 of 3rd period - Shot Blocked by Stephane Da Costa.
4:28 of 3rd period - Slapshot by Brett Clark.
4:28 of 3rd period - Deflect By David Dziurzynski.
4:28 of 3rd period - Stopped by Scott Wedgewood without a rebound.
4:29 of 3rd period - Jordan Schroeder wins face-off versus Maxime Macenauer in Wolves zone.
5:43 of 3rd period - Chris Terry is hit by Kevin Henderson and loses puck.
6:12 of 3rd period - Snap shot by Mark Flood.
6:12 of 3rd period - Shot Blocked by Daniel Carcillo.
6:24 of 3rd period - Slapshot by Mark Flood.
6:24 of 3rd period - Stopped by Scott Wedgewood without a rebound.
6:25 of 3rd period - Maxime Macenauer wins face-off versus Landon Ferraro in Wolves zone.
6:30 of 3rd period - Slapshot by Mark Cundari.
6:30 of 3rd period - Deflect By Erick Lizon.
6:30 of 3rd period - Shot Misses the Net.
6:30 of 3rd period - Puck is out of play.
6:31 of 3rd period - Maxime Macenauer wins face-off versus Landon Ferraro in Wolves zone.
6:50 of 3rd period - Minor Penalty to David Dziurzynski for Interference.
6:51 of 3rd period - Brad Mills wins face-off versus Cedric Paquette in Bears zone.
7:16 of 3rd period - Snap shot by Brad Mills.
7:16 of 3rd period - Shot Misses the Net.
7:18 of 3rd period - Slapshot by Brett Clark.
7:18 of 3rd period - Deflect By Brad Mills.
7:18 of 3rd period - Shot Misses the Net.
7:18 of 3rd period - Puck is out of play.
7:19 of 3rd period - Jordan Schroeder wins face-off versus Brad Mills in Wolves zone.
7:24 of 3rd period - Slapshot by Yannick Weber.
7:24 of 3rd period - Shot Hit the Post.
7:26 of 3rd period - Wrist shot by Yannick Weber.
7:26 of 3rd period - Shot Blocked by Brad Mills.
8:18 of 3rd period - Jordan Schroeder is hit by Brad Mills.
8:38 of 3rd period - Wrist shot by Scott Glennie.
8:38 of 3rd period - Shot Misses the Net.
8:40 of 3rd period - Slapshot by Mark Pysyk.
8:40 of 3rd period - Stopped by John Gibson without a rebound.
8:41 of 3rd period - Cedric Paquette wins face-off versus Kevin Henderson in Bears zone.
8:50 of 3rd period - Penalty to David Dziurzynski is over, David Dziurzynski is back on ice.
10:02 of 3rd period - Minor Penalty to Mark Cundari for Hooking.
10:03 of 3rd period - Brad Mills wins face-off versus Chris Terry in Bears zone.
10:50 of 3rd period - Jared Boll is hit by David Dziurzynski and loses puck.
11:10 of 3rd period - Off-side.
11:11 of 3rd period - Jordan Schroeder wins face-off versus Brad Mills in neutral zone.
11:16 of 3rd period - Wrist shot by Yannick Weber.
11:16 of 3rd period - Shot Blocked by Stefan Elliott.
11:18 of 3rd period - Slapshot by Corbin McPherson.
11:18 of 3rd period - Shot Blocked by Stefan Elliott.
11:29 of 3rd period - Icing by Jordan Schroeder.
11:30 of 3rd period - Jordan Schroeder wins face-off versus Chris Bruton in Wolves zone.
11:39 of 3rd period - Snap shot by Aaron Volpatti.
11:39 of 3rd period - Deflect By Daniel Carcillo.
11:39 of 3rd period - Shot Blocked by Brett Clark.
11:39 of 3rd period - Puck is out of play.
11:40 of 3rd period - Jordan Schroeder wins face-off versus Chris Bruton in Bears zone.
12:02 of 3rd period - Penalty to Mark Cundari is over, Mark Cundari is back on ice.
12:30 of 3rd period - Kent Huskins is hit by Eric Neilson.
12:36 of 3rd period - Corbin McPherson is hit by Shawn O'Donnell.
13:14 of 3rd period - Wrist shot by Aaron Volpatti.
13:14 of 3rd period - Shot Misses the Net.
14:06 of 3rd period - Slapshot by Matt Taormina.
14:06 of 3rd period - Shot Blocked by Yannick Weber.
14:08 of 3rd period - Slapshot by Matt Taormina.
14:08 of 3rd period - Shot Blocked by Yannick Weber.
14:10 of 3rd period - Snap shot by Shawn O'Donnell.
14:10 of 3rd period - Shot Misses the Net.
14:12 of 3rd period - Snap shot by Tyler Brown.
14:12 of 3rd period - Stopped by Scott Wedgewood without a rebound.
14:13 of 3rd period - Cedric Paquette wins face-off versus Tyler Brown in Wolves zone.
14:26 of 3rd period - Backhand shot by Daniel Carcillo.
14:26 of 3rd period - Stopped by John Gibson with a rebound.
15:11 of 3rd period - Kevin Henderson is hit by Kent Huskins.
15:55 of 3rd period - Shawn O'Donnell is hit by Yann Sauve and loses puck.
16:13 of 3rd period - Wrist shot by Ben Hanowski.
16:13 of 3rd period - Stopped by John Gibson with a rebound.
16:35 of 3rd period - Cedric Paquette is hit by David Dziurzynski and loses puck.
17:22 of 3rd period - Wrist shot by Aaron Volpatti.
17:22 of 3rd period - Deflect By Landon Ferraro.
17:22 of 3rd period - Stopped by John Gibson with a rebound.
17:44 of 3rd period - Wrist shot by Dane Byers.
17:44 of 3rd period - Deflect By Ben Hanowski.
17:44 of 3rd period - Stopped by John Gibson with a rebound.
17:56 of 3rd period - Michael Caruso is hit by Maxime Macenauer and loses puck.
18:28 of 3rd period - Icing by Yann Sauve.
18:29 of 3rd period - Landon Ferraro wins face-off versus Patrice Cormier in Wolves zone.
19:47 of 3rd period - Ben Youds is hit by Chris Terry and loses puck.
Goals for this period are 0 for Bears vs 0 for Wolves.
Shots for this period are 5 for Bears vs 9 for Wolves.

Overtime #1


0:01 of 1st overtime period - Chris Terry wins face-off versus Patrice Cormier in neutral zone.
0:26 of 1st overtime period - Slapshot by Mark Pysyk.
0:26 of 1st overtime period - Shot Blocked by Brett Clark.
0:32 of 1st overtime period - Slapshot by Mark Pysyk.
0:32 of 1st overtime period - Shot Blocked by Patrice Cormier.
0:38 of 1st overtime period - Mark Pysyk is hit by Stefan Elliott and loses puck.
1:02 of 1st overtime period - Brett Clark is hit by Chris Terry and loses puck.
1:27 of 1st overtime period - Snap shot by Scott Glennie.
1:27 of 1st overtime period - Stopped by John Gibson with a rebound.
1:29 of 1st overtime period - Slapshot by Corbin McPherson.
1:29 of 1st overtime period - Shot Blocked by Brett Clark.
1:31 of 1st overtime period - Slapshot by Corbin McPherson.
1:31 of 1st overtime period - Shot Misses the Net.
2:04 of 1st overtime period - Wrist shot by David Dziurzynski.
2:04 of 1st overtime period - Shot Misses the Net.
2:06 of 1st overtime period - Snap shot by Matt Taormina.
2:06 of 1st overtime period - Stopped by Scott Wedgewood with a rebound.
2:08 of 1st overtime period - Slapshot by Matt Taormina.
2:08 of 1st overtime period - Shot Misses the Net.
2:10 of 1st overtime period - Snap shot by Kevin Henderson.
2:10 of 1st overtime period - Stopped by Scott Wedgewood with a rebound.
2:12 of 1st overtime period - Slapshot by Mark Flood.
2:12 of 1st overtime period - Shot Blocked by Yannick Weber.
2:14 of 1st overtime period - Slapshot by Matt Taormina.
2:14 of 1st overtime period - Stopped by Scott Wedgewood with a rebound.
2:16 of 1st overtime period - Slapshot by Matt Taormina.
2:16 of 1st overtime period - Stopped by Scott Wedgewood with a rebound.
3:22 of 1st overtime period - Wrist shot by Mark Pysyk.
3:22 of 1st overtime period - Stopped by John Gibson without a rebound.
3:23 of 1st overtime period - Chris Terry wins face-off versus Chris Bruton in Bears zone.
3:26 of 1st overtime period - Snap shot by Scott Glennie.
3:26 of 1st overtime period - Stopped by John Gibson without a rebound.
3:27 of 1st overtime period - Chris Bruton wins face-off versus Chris Terry in Bears zone.
3:32 of 1st overtime period - Wrist shot by Brett Clark.
3:32 of 1st overtime period - Stopped by Scott Wedgewood without a rebound.
3:33 of 1st overtime period - Chris Terry wins face-off versus Chris Bruton in Wolves zone.
3:40 of 1st overtime period - Wrist shot by Stefan Elliott.
3:40 of 1st overtime period - Deflect By Chris Bruton.
3:40 of 1st overtime period - Stopped by Scott Wedgewood with a rebound.
3:42 of 1st overtime period - Slapshot by Stefan Elliott.
3:42 of 1st overtime period - Stopped by Scott Wedgewood with a rebound.
3:44 of 1st overtime period - Wrist shot by Brett Clark.
3:44 of 1st overtime period - Shot Blocked by Kent Huskins.
3:46 of 1st overtime period - Slapshot by Stefan Elliott.
3:46 of 1st overtime period - Shot Blocked by Kent Huskins.
3:50 of 1st overtime period - Slapshot by Brett Clark.
3:50 of 1st overtime period - Stopped by Scott Wedgewood without a rebound.
3:51 of 1st overtime period - Patrice Cormier wins face-off versus Chris Terry in Wolves zone.
3:58 of 1st overtime period - Kent Huskins is hit by Brett Clark.
4:26 of 1st overtime period - Yannick Weber is hit by Matt Taormina.
Goals for this period are 0 for Bears vs 0 for Wolves.
Shots for this period are 8 for Bears vs 3 for Wolves.

ShootOut


5:00 of 1st overtime period - Penalty Shot by Shawn O'Donnell for Bears.
5:00 of 1st overtime period - Backhand shot by Shawn O'Donnell.
5:00 of 1st overtime period - Stopped by Scott Wedgewood.
5:00 of 1st overtime period - Penalty Shot by Chris Terry for Wolves.
5:00 of 1st overtime period - Snap shot by Chris Terry.
5:00 of 1st overtime period - Stopped by John Gibson.
5:00 of 1st overtime period - Penalty Shot by Maxime Macenauer for Bears.
5:00 of 1st overtime period - Wrist shot by Maxime Macenauer.
5:00 of 1st overtime period - Goal by Maxime Macenauer.
5:00 of 1st overtime period - Penalty Shot by Landon Ferraro for Wolves.
5:00 of 1st overtime period - Backhand shot by Landon Ferraro.
5:00 of 1st overtime period - Stopped by John Gibson.
5:00 of 1st overtime period - Penalty Shot by Kevin Henderson for Bears.
5:00 of 1st overtime period - Wrist shot by Kevin Henderson.
5:00 of 1st overtime period - Goal by Kevin Henderson.


Output by the SimonT Hockey Simulator (STHS) for Eric Dolegowski -- Original Page W3C XHTML 1.0 Valid
Hockey Simulator - Hockey Simulation - Hockey Manager